 Dungeon Crawl Stone Soup version 0.18-a0-1171-ga8e22e7 (webtiles) character file.

1409 4thArraOfDagon the Bolt Thrower (level 8, -3/61 HPs)
             Began as a Demigod Arcane Marksman on Jan 26, 2016.
             Slain by a centaur skeleton (5 damage)
             ... on level 8 of the Dungeon.
             The game lasted 00:15:09 (2198 turns).

4thArraOfDagon the Bolt Thrower (DgAM)              Turns: 2198, Time: 00:15:09

Health: -3/61      AC:  2    Str: 24    XL:     8   Next: 19%
Magic:  13/13      EV: 12    Int: 17    God:
Gold:   242        SH:  0    Dex: 15    Spells: 2 memorised, 6 levels left

rFire  + . .     SeeInvis .     k - +0 hunting sling (flame)
rCold  . . .     Gourm    .     m - +0 ring mail {rF+}
rNeg   . . .     Faith    .     (no shield)
rPois  .         Spirit   .     (helmet restricted)
rElec  .         Dismiss  .     (no cloak)
rCorr  .         Reflect  .     (no gloves)
SustAt +         Harm     .     (no boots)
MR     .....                    (no amulet)
Stlth  ..........               s - ring of loudness (curse)
                                o - +6 ring of strength

@: not resistant to hostile enchantments, extremely unstealthy
A: beak, deformed body, high mp 2, sustain attributes
a: no special abilities


You were on level 8 of the Dungeon.
You were not hungry.

You visited 1 branch of the dungeon, and saw 8 of its levels.
You also visited: Ossuary.

You collected 242 gold pieces.

Inventory:

Hand Weapons
 a - a +0 hand crossbow
 b - a +0 quarterstaff
 k - a +0 hunting sling of flaming (weapon)
 r - a +2 mace of protection
 y - a +0 arbalest
Missiles
 p - 3 throwing nets (quivered)
 q - 7 javelins
 F - 3 bolts
Armour
 j - a +2 helmet
 m - a +0 ring mail of fire resistance (worn)
Jewellery
 o - a +6 ring of strength (left hand)
 s - a cursed ring of loudness (right hand)
Wands
 e - a wand of draining (4/15)
 t - a wand of digging (10/24)
Scrolls
 h - 2 scrolls of blinking
 B - a scroll of immolation
Potions
 d - a potion of magic {unknown}
 i - a potion of lignification {unknown}
 v - a potion of poison
 x - 2 potions of agility
 z - 2 potions of curing {unknown}
 A - a potion of flight {unknown}
 C - a potion of haste {unknown}
 D - a potion of ambrosia {unknown}
 E - a potion of invisibility {unknown}
Books
 c - a book of Debilitation

   Spells                             Type                      Level
   a - Corona                         Hexes                        1
   b - Slow                           Hexes                        2
   c - Gell's Gravitas                Hexes/Translocation          3
   d - Inner Flame                    Hexes/Fire                   3
   e - Cause Fear                     Hexes                        4
   f - Leda's Liquefaction            Hexes/Earth                  4
Comestibles
 f - a bread ration
 g - a slice of pizza
 n - 2 beef jerkies
 u - 4 chunks of flesh


   Skills:
 - Level 2.0 Fighting
 - Level 4.4 Slings
 * Level 7.6 Crossbows
 - Level 1.0 Armour
 - Level 3.2 Dodging
 - Level 1.0 Spellcasting
 - Level 2.6 Hexes


You had 6 spell levels left.
You knew the following spells:

 Your Spells              Type           Power        Failure   Level  Hunger
a - Corona                Hex            #......      14%         1    ##.....
b - Slow                  Hex            #.......     21%         2    ###....


Dungeon Overview and Level Annotations

Branches:
Dungeon (8/15)             Temple (0/1) D:7
   Lair: D:8-11

Annotations:
D:6 Eustachio


Innate Abilities, Weirdness & Mutations

You have a considerably increased reservoir of magic (+20% MP).
Your attributes are resistant to harm.
You have a beak for a mouth.
Armour fits poorly on your strangely shaped body.


Message History

The bolt of negative energy hits the ogre.
The ogre is drained!
You kill the ogre!
The bolt of negative energy hits the centaur skeleton.
The centaur skeleton completely resists.
This wand has 4 charges left.
The centaur skeleton hits you.
* * * LOW HITPOINT WARNING * * *
Firing (i - inventory. (,) - cycle):
l - 2 stones (quivered)
Press: ? - help, Shift-Dir - straight line, f - centaur skeleton
Aim: a centaur skeleton You shoot a stone.
The stone hits the centaur skeleton but does no damage.
The centaur skeleton hits you!
* * * LOW HITPOINT WARNING * * *
Firing (i - inventory. (,) - cycle):
l - a stone (quivered)
Press: ? - help, Shift-Dir - straight line, f/p - centaur skeleton
Aim: a centaur skeleton You shoot a stone.
The stone hits the centaur skeleton.
The stone burns the centaur skeleton.
The centaur skeleton hits you.
You die...

#.... .(. ## ... ..
#.# .. #.# .. #(# ..
#(# .. #Z# . .. #@#
.. .. #.# ... ..
#.####....
###.........
#.....#####
#.....###### .#
#........... ....
#.....###### ###..
#.....########.#.###


You could see a centaur skeleton.

Vanquished Creatures
  Grinder (D:4)
  An orc warrior (D:6)
  A sky beast (D:7)
  An ice beast (D:8)
  2 black bears (D:7)
  2 ogres
  A centaur (D:6)
  A giant frog (D:7)
  A scorpion (D:6)
  A giant frog zombie (D:6)
  3 hounds (D:7)
  An orc priest (D:6)
  2 jellies
  3 worker ants
  A big kobold zombie (Ossuary)
  A hound skeleton (D:7)
  2 mummies
  Robin (D:4)
  3 adders
  A shadow imp (D:7)
  A worm (D:6)
  5 orcs
  4 bats
  4 giant cockroaches
  9 goblins
  3 hobgoblins
  A quokka (D:4)
  A giant newt (D:2)
  A gnoll zombie (Ossuary)
  2 goblin zombies (Ossuary)
  3 hobgoblin zombies (Ossuary)
  2 kobolds
  2 kobold zombies (Ossuary)
  2 orc zombies (Ossuary)
  A quokka zombie (D:6)
  3 rats
74 creatures vanquished.

Vanquished Creatures (others)
  An orc (D:4)
1 creature vanquished.

Grand Total: 75 creatures vanquished

Notes
Turn   | Place    | Note
--------------------------------------------------------------
     0 | D:1      | 4thArraOfDagon the Demigod Arcane Marksman began the quest for the Orb.
     0 | D:1      | Reached XP level 1. HP: 15/15 MP: 4/4
   103 | D:2      | Reached XP level 2. HP: 22/22 MP: 5/5
   125 | D:2      | Found a deep blue altar of Sif Muna.
   173 | D:4      | Noticed Grinder
   193 | D:4      | Killed Grinder
   193 | D:4      | Reached skill level 5 in Crossbows
   193 | D:4      | Reached XP level 3. HP: 2/27 MP: 6/6
   193 | D:4      | Reached XP level 4. HP: 2/34 MP: 8/8
   193 | D:4      | Reached XP level 5. HP: 2/39 MP: 9/9
   440 | D:2      | Learned a level 2 spell: Slow
   460 | D:2      | Reached skill level 1 in Fighting
   615 | D:4      | Noticed Robin
   738 | D:4      | Killed Robin
   800 | D:4      | Noticed an ogre
   808 | D:4      | Killed an ogre
   808 | D:4      | Reached XP level 6. HP: 29/48 MP: 2/10
   873 | D:5      | Entered Level 5 of the Dungeon
   984 | D:6      | Reached skill level 1 in Armour
  1069 | D:6      | Reached skill level 1 in Slings
  1075 | D:6      | Noticed Eustachio
  1255 | D:7      | Reached XP level 7. HP: 40/55 MP: 11/11
  1346 | D:7      | Found a staircase to the Ecumenical Temple.
  1360 | D:7      | Found a shimmering altar of Xom.
  1360 | D:7      | Found a shimmering altar of Xom.
  1360 | D:7      | Found a shimmering altar of Xom.
  1657 | D:7      | Reached skill level 6 in Crossbows
  1689 | D:7      | Found a shimmering altar of Xom.
  1710 | D:7      | Gained mutation: Armour fits poorly on your strangely shaped body. [potion of mutation]
  1710 | D:7      | Gained mutation: You have a considerably increased reservoir of magic (+20% MP). [potion of mutation]
  1710 | D:7      | Gained mutation: You have a beak for a mouth. [potion of mutation]
  1733 | D:7      | Found a sand-covered staircase.
  1748 | Ossuary  | Entered an ossuary
  2062 | D:7      | Reached XP level 8. HP: 15/61 MP: 7/13
  2104 | D:8      | Reached skill level 7 in Crossbows
  2197 | D:8      | HP: 1/61 [centaur skeleton (7)]
  2198 | D:8      | Slain by a centaur skeleton

Vault maps used:
D:1:      saegor_arrival_simple_d, serial_bayou, serial_bayou_pond_e,
          serial_bayou_pond_d, serial_bayou_pond_e, serial_bayou_shore_b,
          serial_bayou_lake_a, columned_hall_lemuel
D:2:      lemuel_crystal_altar, grunt_dithmenos_smoke, first_bread, uniq_natasha
D:4:      gammafunk_temple_overflow_elements, uniq_sigmund, uniq_grinder,
          uniq_robin
D:5:      basic_altar, st_stairs_8, cheibriados_altar_1
D:6:      kennysheep_big_flooded_room, kennysheep_windowed_goal, uniq_eustachio
D:7:      xom_shifter_show, nemelex_deck, minmay_temple_entry_large_hall,
          gup_ossuary_entry_pyramid, lemuel_oklob_altar
D:8:      lair_0_dummy, special_room
Ossuary:  ossuary_zaba_two_paths

Action                   |  1- 3 |  4- 6 |  7- 9 || total
-------------------------+-------+-------+-------++-------
Melee: Quarterstaff      |       |    32 |       ||    32
       Mace              |       |     6 |    49 ||    55
 Fire: Hand crossbow     |    26 |    64 |     6 ||    96
       Hunting sling     |       |    21 |    27 ||    48
       Arbalest          |       |       |    22 ||    22
Throw: Stone             |       |     6 |     6 ||    12
 Cast: Slow              |       |     6 |    20 ||    26
       Corona            |       |     1 |       ||     1
Evoke: Wand              |       |     1 |     9 ||    10
  Use: Potion            |     2 |     1 |     1 ||     4
       Scroll            |       |     6 |     4 ||    10
  Eat: Chunk             |       |     2 |     5 ||     7
